 Dungeon Crawl Stone Soup version 0.32-a0-913-g739538afd8 (webtiles) character file.

Game seed: 11836421619023694180

38 kr4n3x the Slasher (level 3, 0/33 HPs)
             Began as a Naga Gladiator on Apr 8, 2024.
             Succumbed to an adder's poison
             ... on level 2 of the Dungeon.
             The game lasted 00:03:01 (1211 turns).

kr4n3x the Slasher (Naga Gladiator)                 Turns: 1211, Time: 00:03:02

Health: 0/33       AC:  3    Str: 16    XL:     3   Next: 43%
Magic:  3/3        EV:  9    Int:  8    God:
Gold:   15         SH:  0    Dex: 14    Spells: 2/2 levels left

rFire   . . .        a - +0 long sword
rCold   . . .        (no shield)
rNeg    . . .        b - +0 leather armour
rPois   +            c - +0 helmet
rElec   .            (no cloak)
rCorr   .            (no gloves)
SInv    +            (no barding)
Will    .....        (no amulet)
Stlth   ++           (no ring)
HPRegen 0.25/turn    (no ring)
MPRegen 0.08/turn

%: no passive effects
@: lethally poisoned (0 -> -3), very slow
A: AC +1, large, see invisible, deformed body, poison resistance, slowness 2,
spit poison 1, naga tail 1
a: Spit Poison


You were on level 2 of the Dungeon.
You visited 1 branch of the dungeon, and saw 2 of its levels.

You collected 15 gold pieces.


Innate Abilities, Weirdness & Mutations

Your serpentine skin is tough. (AC +1)
You have supernaturally acute eyesight. (SInv)
Armour fits poorly on your strangely shaped body.
Your system is resistant to poisons. (rPois)
You cover ground very slowly.
You can spit poison.
You have a snake-like lower body.


   Skills:
 + Level 2.4 Fighting
 * Level 3.6 Long Blades
 - Level 1.7 Throwing
 + Level 2.7 Dodging
 + Level 1.8 Stealth


You had 2 spell levels left.
You didn't know any spells.
Your spell library was empty.

Inventory:

Hand Weapons
 a - a +0 long sword (weapon)
Missiles
 d - 3 throwing nets (quivered) {=f!f}
 e - a javelin
 j - 4 poisoned darts
 k - 14 stones
Armour
 b - a +0 leather armour (worn)
 c - a +0 helmet (worn)
Scrolls
 h - a scroll of fear {unknown}
 l - a scroll of identify {unknown}
Potions
 f - a potion of lignification {unknown}
 g - a potion of haste {unknown}
 i - a potion of attraction {unknown}

Dungeon Overview and Level Annotations

Branches:
Dungeon (2/15) Zot: 10459

Altars:

#..#.##
#.....#
#..... #....
#... #..#
#S.## #@..#
#...# #...#
#...# #...#
###...####
##........#
##...........
#<..........#


You could see an adder.


Message History

You barely miss the ribbon worm. The ribbon worm bites you.
* * * LOW HITPOINT WARNING * * *
The ribbon worm bites you.
* * * LOW HITPOINT WARNING * * *
😱 HP[-8]
You take 8 damage, and now have 8/33 hp.
MASSIVE DAMAGE!! (PAUSE)
You hit the ribbon worm but do no damage.
You hit the ribbon worm but do no damage.
The ribbon worm bites you.
* * * LOW HITPOINT WARNING * * *
😱 HP[-3]
You take 3 damage, and now have 5/33 hp.
You slash the ribbon worm!
You kill the ribbon worm! 😱 HP[+1]
An adder comes into view.
The adder hisses angrily. 😎 HP[+27]
Your hp is fully restored (33).
The adder bites you but does no damage.
You see here a +2 dagger of venom.
The adder bites you. The adder closely misses you. 😕 HP[-2]
You take 2 damage, and now have 31/33 hp.
The adder bites you but does no damage. The adder bites you. 😕 HP[-1]
You take 1 damage, and now have 30/33 hp.
The adder closely misses you. The adder bites you but does no damage.
The adder barely misses you. 😕 HP[+1]
The adder bites you. 😕 HP[-4]
You take 4 damage, and now have 27/33 hp.
The adder bites you.
You are poisoned.
The adder poisons you! 😮 HP[-4]
You take 4 damage, and now have 23/33 hp.
You feel sick. The adder bites you but does no damage.
The adder barely misses you. 😮 HP[-2]
You take 2 damage, and now have 21/33 hp.
You feel sick. The adder bites you but does no damage.
You feel sick. The adder closely misses you. 😮 HP[-1]
You take 1 damage, and now have 20/33 hp.
You feel sick.
The adder bites you but does no damage. x2 😮 HP[-1]
You take 1 damage, and now have 19/33 hp.
You feel sick.
You are no longer poisoned.
The adder bites you.
* * * LOW HITPOINT WARNING * * *
The adder bites you.
* * * LOW HITPOINT WARNING * * *
The adder bites you but does no damage. The adder bites you.
* * * LOW HITPOINT WARNING * * *
The adder closely misses you. The adder closely misses you. 😨 HP[-8]
You take 8 damage, and now have 11/33 hp.
MASSIVE DAMAGE!! (PAUSE)
The adder misses you. 😨 HP[+1]
The adder barely misses you. The adder bites you.
* * * LOW HITPOINT WARNING * * *
The adder bites you.
* * * LOW HITPOINT WARNING * * *
The adder misses you. 😱 HP[-5]
You take 5 damage, and now have 7/33 hp.
The adder closely misses you. The adder barely misses you. 😱 HP[+1]
The adder bites you but does no damage. The adder bites you but does no damage.
The adder barely misses you. x2
The adder bites you.
* * * LOW HITPOINT WARNING * * *
😱 HP[-1]
You take 1 damage, and now have 7/33 hp.
The adder bites you but does no damage. The adder bites you.
* * * LOW HITPOINT WARNING * * *
You are lethally poisoned!
The adder poisons you! 😱 HP[-1]
You take 1 damage, and now have 6/33 hp.
* * * LOW HITPOINT WARNING * * *
You feel sick. The adder bites you.
* * * LOW HITPOINT WARNING * * *
The adder bites you but does no damage. 😱 HP[-4]
You take 4 damage, and now have 2/33 hp.
* * * LOW HITPOINT WARNING * * *
You feel sick. The adder bites you but does no damage.
* * * LOW HITPOINT WARNING * * *
You feel sick. The adder barely misses you.
You die...

Skill      XL: |  1  2 |
---------------+-------+-----
Stealth        | 1 |  1.8
Fighting       | |  2.4
Long Blades    | |  3.6
Throwing       | |  1.7
Dodging        | |  2.7

Action                     || total
---------------------------++-------
  Melee: Long sword        ||    88
   Stab: Sleeping          ||     1
 Armour: Leather armour    ||    80
  Dodge: Dodged            ||    64

Levels and vault maps discovered:
D:1:      ebering_hopf_link, layout_loops_ring, serial_forest,
          infiniplex_forest_end_1, infiniplex_forest_clump_long,
          infiniplex_forest_clump_small, infiniplex_forest_end_double,
          infiniplex_forest_clump_tiny, hex_large, st_stairs_8
D:2:      layout_rooms

Notes
Turn   | Place    | Note
-------+----------+-------------------------------------------
     0 | D:1      | kr4n3x the Naga Gladiator began the quest for the Orb.
     0 | D:1      | Reached XP level 1. HP: 19/19 MP: 1/1
     0 | D:1      | magus.rc [v1.11.7]
   109 | D:1      | Reached XP level 2. HP: 26/26 MP: 2/2
   115 | D:1      | Reached skill level 1 in Stealth
   469 | D:1      | Reached XP level 3. HP: 32/32 MP: 3/3
  1065 | D:2      | HP: 8/33 [ribbon worm (2)]
  1199 | D:2      | HP: 7/33 [adder (4)]
  1205 | D:2      | HP: 7/33 [adder (2)]
  1208 | D:2      | HP: 2/33 [adder (2)]
  1211 | D:2      | Succumbed to an adder's poison

Vanquished Creatures
  A ribbon worm (D:2)
  A dart slug (D:1)
  5 ball pythons (D:1)
  2 endoplasms (D:1)
  2 giant cockroaches (D:1)
  2 goblins (D:1)
  2 hobgoblins (D:1)
  4 quokkas (D:1)
  3 bats (D:1)
  3 frilled lizards (D:1)
  2 kobolds (D:1)
  3 rats (D:1)
30 creatures vanquished.

Table legend:
 A = Non-vault XP
 B = Vault XP
 C = Vault XP percentage of total XP
 D = Non-vault monster count
 E = Vault monster count
 F = Vault count percentage of total count
                 A         B        C        D         E       F
            +---------+---------+-------+---------+---------+-------
      Total |      53 |       2 |   3.6 |      28 |       2 |   6.7
            +---------+---------+-------+---------+---------+-------
        D:1 |      48 |       2 |   4.0 |      27 |       2 |   6.9
        D:2 |       5 |       0 |   0.0 |       1 |       0 |   0.0
            +---------+---------+-------+---------+---------+-------

Skill      XL: |  1  2 |
---------------+-------+-----
Stealth        | 1 |  1.8
Fighting       | |  2.4
Long Blades    | |  3.6
Throwing       | |  1.7
Dodging        | |  2.7

Action                     || total
---------------------------++-------
  Melee: Long sword        ||    88
   Stab: Sleeping          ||     1
 Armour: Leather armour    ||    80
  Dodge: Dodged            ||    64

Illustrated notes

Table legend:
 A = Kills in this place as a percentage of kills in the entire game.
 B = Kills by you in this place as a percentage of kills by you in the entire game.
 C = Kills by friends in this place as a percentage of kills by friends in the entire game.
 D = Other kills in this place as a percentage of other kills in the entire game.
 E = Experience gained in this place as a percentage of experience gained in the entire game.
 F = Experience gained in this place divided by the number of levels of this place that you have seen.
                   A       B       C       D       E      F
               +-------+-------+-------+-------+-------+----------------------
         Total | 100.0 | 100.0 |   N/A |   N/A | 100.0 |  27.5
       Dungeon | 100.0 | 100.0 |   N/A |   N/A | 100.0 |  27.5
               +-------+-------+-------+-------+-------+----------------------

Table legend: (Time is in decaauts)
 A = Elapsed time spent in this place.
 B = Non-inter-level travel time spent in this place.
 C = Inter-level travel time spent in this place.
 D = Time resting spent in this place.
 E = Time spent auto-exploring this place.
 F = Levels seen in this place.
 G = Mean time per level.
                   A        B        C        D        E       F      G
               +--------+--------+--------+--------+--------+-----+--------+
         Total |   1541 |   1507 |     34 |      0 |   1215 |   2 |  770.5 |
       Dungeon |   1541 |   1507 |     34 |      0 |   1215 |   2 |  770.5 |
               +--------+--------+--------+--------+--------+-----+--------+

Top non-repeatable levels by time:
     D:1: 1364 daAuts
     D:2: 176 daAuts
